Map: Port Aleksander EC

Players

Silvano

  • Race: Protoss Protoss
  • League: Master
  • Spawn Location: 11:00

TheLongNeck - Winner!

  • Race: Zerg Zerg
  • Spawn Location: 5:00

VOD

Have the link to the VOD?

Description

Time

  • Played on: March 15, 2019, 5:14 p.m.
  • Length: 10:18
Show
View Real Time Build Order
Export as new Build Order

Silvano Protoss 

Build Orders: 1 Gate Expand, Oracle Opening, Phoenix Opening, Archon Immortal, Archon Drop 

Get SALT Encoding   

  12  0:01  Probe  
  13  0:13  Probe  
  14  0:18  Pylon  
  14  0:25  Probe  
  15  0:33  Probe  
  15  0:41  Probe  
  16  0:43  Gateway  
  17  0:51  Probe  
  17  0:52  Assimilator  
  18  1:01  Probe  
  19  1:09  Probe  
  19  1:18  Probe  
  21  1:31  Nexus  
  21  1:41  Cybernetics Core  
  21  1:47  Assimilator  
  21  1:48  Probe  
  22  1:55  Pylon  
  22  2:00  Probe  
  23  2:07  Adept  
  23  2:13  Probe  
  24  2:21  Stargate  
  26  2:25  Probe  
  26  2:28  Warp Gate  
  27  2:30  Adept  
  27  2:37  Probe  
  27  2:43  Probe  
  31  2:49  Probe  
  32  2:55  Probe  
  33  3:01  Probe  
  33  3:04  Phoenix  
  36  3:07  Probe  
  36  3:09  Probe  
  37  3:17  Adept, Probe  
  37  3:19  Probe  
  41  3:22  Pylon  
  42  3:28  Probe  
  42  3:29  Oracle  
  46  3:40  Probe x2, Assimilator  
  48  3:42  Assimilator  
  48  3:48  Pylon  
  48  3:52  Probe x2  
  50  3:56  Robotics Facility  
  50  4:04  Probe x2  
  52  4:10  Twilight Council  
  52  4:16  Probe x2  
  54  4:22  Pylon  
  54  4:28  Probe x2  
  56  4:32  Gateway  
  56  4:33  Warp Prism, Gateway  
  56  4:34  Gateway  
  56  4:40  Probe x2  
  60  4:49  Templar Archives  
  60  4:52  Probe, Forge  
  61  4:53  Probe  
  62  5:04  Probe  
  63  5:09  Pylon  
  63  5:12  Nexus, Protoss Ground Weapons Level 1  
  63  5:13  Probe  
  64  5:19  Probe  
  65  5:25  Probe  
  66  5:28  High Templar  
  66  5:29  High Templar x3  
  66  5:33  Archon  
  66  5:34  Archon  
  74  5:37  Shield Battery  
  74  5:50  Probe x2  
  76  5:58  Robotics Facility  
  76  6:02  Probe x2  
  78  6:16  Pylon  
  78  6:17  Immortal  
  78  6:23  Probe x2  
  78  6:25  Zealot x4  
  90  6:27  Probe  
  93  6:35  Probe x2  
  93  6:37  Immortal  
  93  6:39  Probe  
  96  6:47  Probe  
  96  6:52  Charge  
  96  6:53  Gateway  
  101  6:55  Gateway  
  101  6:56  Gateway  
  101  6:57  Psionic Storm, Gateway  
  101  7:00  Pylon x2  
  101  7:04  Assimilator  
  101  7:07  Assimilator  
  101  7:10  Protoss Ground Weapons Level 2  
  101  7:14  Pylon  
  101  7:15  Observer  
  101  7:18  Probe x3  
  101  7:20  Immortal  
  105  7:30  Probe x3  
  112  7:37  Observer  
  112  7:42  Probe  
  114  7:45  High Templar x3  
  114  7:47  Zealot  
  122  7:52  Zealot  
  122  7:56  Pylon  
  122  7:58  Pylon  
  124  8:00  Pylon  
  124  8:02  Pylon  
  124  8:04  Pylon  
  124  8:08  Nexus  
  124  8:10  Pylon  
  124  8:14  Immortal x2  
  124  8:17  High Templar x2  
  136  8:20  Zealot x4  
  136  8:21  Zealot x2  
  148  8:29  Photon Cannon  
  148  8:30  Photon Cannon  
  148  8:45  High Templar x3  
  154  8:50  Archon  
  152  8:57  Zealot x3  
  152  8:59  Zealot x2  
  111  9:18  Zealot x4  
  111  9:19  Zealot x4  
  109  9:24  Immortal x2  
  109  9:28  Archon  
  95  9:39  Zealot x2  
  95  9:40  Zealot x3  
  95  9:42  Zealot x2  
  95  9:43  Zealot  
  99  10:05  Zealot x3  
  99  10:06  Zealot  
Show
View Real Time Build Order
Export as new Build Order

TheLongNeck Zerg - Winner!

Build Orders: Hatch First 

Get SALT Encoding   

  12  0:00  Drone  
  13  0:13  Overlord  
  13  0:17  Drone  
  14  0:31  Drone x2  
  16  0:49  Hatchery  
  15  0:53  Drone  
  16  0:57  Drone  
  16  1:01  Drone  
  18  1:11  Extractor  
  18  1:17  Spawning Pool  
  16  1:21  Drone  
  16  1:23  Drone  
  18  1:30  Drone  
  19  1:40  Drone  
  20  1:51  Drone  
  21  2:04  Queen x2  
  21  2:05  Zergling x4  
  27  2:12  Overlord  
  27  2:14  Drone  
  28  2:17  Metabolic Boost  
  28  2:32  Drone x2  
  30  2:40  Hatchery  
  30  2:43  Drone  
  30  2:46  Drone  
  30  2:48  Drone  
  32  2:52  Drone  
  32  2:55  Overlord  
  33  2:58  Drone  
  33  3:04  Queen  
  36  3:14  Drone x4  
  36  3:17  Drone  
  36  3:18  Drone  
  42  3:21  Overlord  
  42  3:24  Drone  
  42  3:25  Drone  
  44  3:34  Overlord  
  44  3:38  Overlord  
  44  3:39  Queen  
  46  3:47  Drone x5  
  51  3:50  Spore Crawler  
  51  3:53  Drone  
  51  3:56  Drone x2  
  51  3:57  Drone  
  54  4:03  Drone  
  54  4:05  Spore Crawler  
  54  4:09  Drone x2  
  55  4:14  Overlord  
  55  4:15  Spore Crawler  
  54  4:17  Lair  
  54  4:22  Drone x4  
  58  4:25  Extractor  
  58  4:27  Drone  
  58  4:29  Queen  
  60  4:33  Overlord  
  60  4:36  Drone x2  
  62  4:39  Queen  
  64  4:48  Zergling x16  
  64  4:52  Overlord  
  72  4:59  Spore Crawler  
  70  5:01  Drone x4  
  70  5:04  Overlord  
  70  5:05  Queen  
  76  5:11  Drone x3  
  79  5:14  Extractor  
  79  5:15  Roach Warren  
  79  5:17  Overseer  
  77  5:25  Drone x2  
  77  5:26  Drone x2  
  77  5:27  Extractor  
  77  5:28  Drone x3  
  83  5:30  Overlord  
  83  5:34  Drone x4  
  87  5:36  Extractor  
  87  5:38  Extractor  
  84  5:45  Overlord  
  83  5:56  Glial Reconstitution  
  83  5:58  Drone x2  
  83  6:00  Drone x3, Hydralisk Den  
  83  6:01  Evolution Chamber  
  86  6:05  Hatchery  
  85  6:11  Roach x4  
  85  6:12  Roach  
  85  6:14  Drone x2  
  85  6:15  Drone x2  
  85  6:18  Pneumatized Carapace, Overlord  
  99  6:23  Roach x3  
  99  6:24  Roach  
  99  6:25  Overlord  
  107  6:29  Zerg Missile Weapons Level 1  
  107  6:32  Hatchery  
  106  6:36  Hydralisk x4  
  113  6:43  Grooved Spines  
  113  6:45  Roach  
  113  6:46  Roach x3  
  121  6:48  Overseer  
  121  6:51  Overlord  
  121  6:53  Overlord  
  121  6:54  Overlord x2  
  121  6:56  Overlord  
  121  7:08  Overlord  
  121  7:11  Roach  
  121  7:12  Roach x5  
  133  7:17  Overlord  
  133  7:26  Hydralisk x5  
  133  7:29  Roach  
  151  7:30  Roach x3  
  151  7:37  Hydralisk x2  
  151  7:39  Nydus Network  
  154  7:46  Hydralisk x3  
  162  7:51  Roach x5  
  170  7:59  Overlord  
  170  8:03  Overlord  
  170  8:06  Overlord  
  170  8:15  Hydralisk  
  170  8:16  Hydralisk x5  
  170  8:19  Overseer  
  182  8:21  Overlord  
  182  8:24  Overlord  
  182  8:31  Overlord  
  182  8:40  Extractor  
  181  8:43  Hydralisk x2  
  181  8:44  Overseer  
  185  8:48  Hatchery  
  184  9:00  Hydralisk x2  
  184  9:01  Hydralisk x6  
  193  9:02  Nydus Canal  
  187  9:20  Nydus Canal  
  171  9:27  Hydralisk x7  
  152  9:39  Roach x9  
  152  9:40  Overlord  
  152  9:42  Extractor  
  166  9:49  Roach  
  166  9:50  Roach x7  
  176  10:00  Nydus Canal  
Tags
 
Add a new tag
Caveats
  • Supply blocks, unpowered buildings, or Contaminate may cause inaccurate times.
  • Supply counts are checked every 10 seconds.